 Dungeon Crawl Stone Soup version 0.30-a0-782-ge64f9170bb (webtiles) character file.

Game seed: 18226822131549463694

4841 Essalna the Destroyer (level 10, -7/65 HPs)
             Began as a Gargoyle Fire Elementalist on Feb 18, 2023.
             Was a Priest of Vehumet.
             Mangled by a wyvern (9 damage)
             ... on level 9 of the Dungeon.
             The game lasted 00:16:10 (9030 turns).

Essalna the Destroyer (Gargoyle Fire Elementalist)  Turns: 9030, Time: 00:16:10

Health: -7/65      AC: 15    Str: 12    XL:     10   Next: 49%
Magic:  6/13       EV: 12    Int: 18    God:    Vehumet [***...]
Gold:   511        SH:  0    Dex: 10    Spells: 6/13 levels left

rFire   . . .      SeeInvis +    p - +2 long sword "Tukiel" {spect, rElec Int-2 SInv Stlth+}
rCold   . . .      Faith    .    (no shield)
rNeg    + . .      Spirit   .    y - +0 steam dragon scales
rPois   ∞          Reflect  .    e - +0 helmet
rElec   +          Harm     .    (no cloak)
rCorr   .          Rampage  .    (no gloves)
Will    .....                    m - +0 pair of boots
Stlth   +++                      E - amulet of regeneration
HPRegen 1.10/turn                (no ring)
MPRegen 0.13/turn                (no ring)

@: no status effects
A: sickness immunity, AC +7, negative energy resistance 1, electricity
resistance, torment resistance 1, petrification resistance
a: Renounce Religion


You were on level 9 of the Dungeon.
You worshipped Vehumet.
Vehumet was most pleased with you.
You visited 2 branches of the dungeon, and saw 10 of its levels.

You collected 511 gold pieces.

Inventory:

Hand Weapons
 c - a +1 mace
 p - the +2 long sword "Tukiel" (weapon) {spect, rElec Int-2 SInv Stlth+}
   (You found it on level 3 of the Dungeon)

   Int:       It affects your intelligence (-2).
   rElec:     It insulates you from electricity.
   SInv:      It lets you see invisible.
   Stlth:     It makes you more stealthy.
Missiles
 j - 5 throwing nets
Armour
 a - a +0 robe
 e - a +0 helmet (worn)
 m - a +0 pair of boots (worn)
 y - +0 steam dragon scales (worn)
Magical Staves
 f - a staff of earth
Jewellery
 h - an amulet of the acrobat
 E - an amulet of regeneration (around neck)
Wands
 o - a wand of flame (24)
 q - a wand of polymorph (5)
 v - a wand of charming (9)
Scrolls
 d - 3 scrolls of teleportation
 g - 9 scrolls of identify
 s - 3 scrolls of poison {unknown}
 x - a scroll of amnesia
 z - a scroll of noise {unknown}
 A - 2 scrolls of magic mapping
 F - a scroll of fog
Potions
 b - 3 potions of magic
 i - a potion of resistance
 k - a potion of brilliance {unknown}
 l - 2 potions of lignification {unknown}
 n - 3 potions of flight {unknown}
 r - 3 potions of cancellation
 t - 2 potions of invisibility
 u - 2 potions of haste {unknown}
 w - a potion of mutation {unknown}
 B - 2 potions of curing {unknown}
 C - 2 potions of heal wounds {unknown}
 D - a potion of degeneration {unknown}


   Skills:
 + Level 8.5 Fighting
 + Level 3.5 Long Blades
 + Level 3.7 Armour
 + Level 3.4 Dodging
 - Level 2.1 Stealth
 - Level 2.0 Spellcasting
 + Level 8.7 Conjurations
 + Level 8.4 Fire Magic


You had 6 spell levels left.
You knew the following spells:

 Your Spells              Type           Power      Damage    Failure   Level
a - Foxfire               Conj/Fire      100%       2x1d9     1%          1
b - Scorch                Fire           64%        2d8       1%          2
c - Flame Wave            Conj/Fire      32%        2d9       1%          4

Your spell library contained the following spells:

 Spells                   Type           Power      Damage    Failure   Level
 Momentum Strike          Conj/Tloc      34%        3d8       1%          2
 Hailstorm                Conj/Ice       17%        3d6       2%          3
 Inner Flame              Hex/Fire       16%        N/A       2%          3
 Kindle Blastsparks       Fire/Tloc/Air  22%        2d11      4%          3
 Mephitic Cloud           Conj/Pois/Air  12%        N/A       4%          3
 Poisonous Vapours        Pois/Air       2%         N/A       7%          2
 Beastly Appendage        Tmut           2%         N/A       19%         1
 Sting                    Tmut/Pois      4%         1d3       19%         1
 Passwall                 Tmut/Erth      0%         N/A       26%         2
 Wereblood                Tmut           1%         N/A       26%         2
 Ice Form                 Ice/Tmut       1%         N/A       87%         4
 Simulacrum               Ice/Necr       0%         N/A       100%        6
 Summon Hydra             Summ           0%         N/A       100%        7
 Cigotuvi's Dreadful Rot  Necr/Pois/Air  Unusable   N/A       N/A         2
 Sublimation of Blood     Necr           Unusable   N/A       N/A         2

Dungeon Overview and Level Annotations

Branches:
Dungeon (9/15)             Temple (1/1) D:4
   Lair: D:8-11         Orc: D:9-12

Altars:
Ashenzari
Cheibriados
Dithmenos
Elyvilon
Fedhas
Gozag
Hepliaklqana
Kikubaaqudgha
Makhleb
Nemelex Xobeh
Okawaru
Qazlal
Ru
Sif Muna
Trog
Uskayaw
Vehumet
Wu Jian
Xom
Yredelemnul
Zin

Annotations:
D:7 2 transporters, vrbfk's ghost, novice MiFi


Innate Abilities, Weirdness & Mutations

You are immune to sickness and miasma.
Your stone body is resilient. (AC +7)
You are immune to poison.
You resist negative energy. (rN+)
You are resistant to electric shocks. (rElec)
You are resistant to unholy torment.
You are immune to petrification.


Message History

Press: ? - help, Dir - move target, f - wyvern
Aim: a wyvern (about 37% to evade the +2 long sword "Tukiel")
You slash the wyvern!
The wyvern is moderately wounded.
Your +2 long sword "Tukiel" {spect, rElec Int-2 SInv Stlth+} hits the wyvern.
The wyvern hisses menacingly.
The wyvern bites you but does no damage.
The wyvern bites you! The orc closely misses you.
Hit: p) +2 long sword "Tukiel" {spect, rElec Int-2 SInv Stlth+}
Press: ? - help, Dir - move target, f/p - wyvern
Aim: a wyvern (moderately wounded, about 37% to evade the +2 long sword "Tukiel")
You hit the wyvern but do no damage.
The wyvern is moderately wounded.
Your +2 long sword "Tukiel" {spect, rElec Int-2 SInv Stlth+} hits the wyvern.
The wyvern bites you but does no damage.
The orc priest calls down the wrath of Beogh upon you.
Beogh smites you!
* * * LOW HITPOINT WARNING * * *
The orc hits you from afar with a +0 trident.
* * * LOW HITPOINT WARNING * * *
The wyvern hisses menacingly.
The wyvern bites you.
* * * LOW HITPOINT WARNING * * *
Hit: p) +2 long sword "Tukiel" {spect, rElec Int-2 SInv Stlth+}
Press: ? - help, Dir - move target, f/p - wyvern
Aim: a wyvern (heavily wounded, about 37% to evade the +2 long sword "Tukiel")
You slash the wyvern!
The wyvern is severely wounded.
Your +2 long sword "Tukiel" {spect, rElec Int-2 SInv Stlth+} hits the wyvern.
The wyvern bites your +2 long sword "Tukiel" {spect, rElec Int-2 SInv Stlth+}!
Your spectral weapon shares its damage with you!
* * * LOW HITPOINT WARNING * * *
The orc priest misses you. The orc barely misses you.
The wyvern bites your +2 long sword "Tukiel" {spect, rElec Int-2 SInv Stlth+}.
Your spectral weapon shares its damage with you!
* * * LOW HITPOINT WARNING * * *
It was a potion of cancellation.
You feel magically purged. The orc closely misses you.
The orc priest barely misses you. The wyvern bites you!
You die...

....+.....##'###+##.
....##+####.........
...................
..................
#................
#.......#'######.
#.......'......#.
P##+####.......#...<..#.
.....oo@...##'##......+.
......l)...#..######..#.
P.....§....#(.# ....
.P.........#..# _.#
....#......#..# ..
...##......#..# .P.
#......#..# ..
#......+... #....).#


You could see a wyvern, an orc priest and an orc.

Vanquished Creatures
  A komodo dragon (D:9)
  A troll (D:8)
  Grinder (D:3)
  4 yaks (D:9)
  A steam dragon (D:6)
  Menkaure (D:4)
  Edmund (D:4)
  A water moccasin (D:7)
  A black bear (D:6)
  4 orc warriors
  3 sky beasts
  An ogre (D:7)
  The ghost of Ralffii009 the Firebug, an amateur DsFE of Xom (D:3)
  Blork the orc (D:4)
  A phantom (D:6)
  A kobold brigand (D:7)
  5 bullfrogs
  6 scorpions
  4 wights (D:7)
  A howler monkey (D:8)
  3 jellies
  2 hounds
  5 orc priests
  3 gnoll boudas
  Ijyb (D:3)
  3 iguanas
  3 orc wizards
  19 gnolls
  9 river rats (D:5)
  11 adders
  A shadow imp (D:6)
  A white imp (D:5)
  A worm (D:5)
  4 dart slugs
  22 orcs
  8 ball pythons
  3 bats
  10 endoplasms
  7 giant cockroaches
  6 goblins
  3 hobgoblins (D:1)
  5 jackals (D:1)
  9 quokkas
  6 frilled lizards
  11 kobolds
  21 rats
217 creatures vanquished.

Vanquished Creatures (collateral kills)
  A foxfire (D:1)
1 creature vanquished.

Vanquished Creatures (others)
  577 foxfires
  14 fungi (D:9)
  17 plants
608 creatures vanquished.

Grand Total: 826 creatures vanquished

Notes
Turn   | Place    | Note
-------+----------+-------------------------------------------
     0 | D:1      | Essalna the Gargoyle Fire Elementalist began the quest for
                  | the Orb.
     0 | D:1      | Reached XP level 1. HP: 10/10 MP: 3/3
    72 | D:1      | Reached XP level 2. HP: 16/16 MP: 0/5
   158 | D:1      | Reached skill level 1 in Fighting
   532 | D:1      | Reached XP level 3. HP: 9/20 MP: 1/6
  1615 | D:2      | Reached XP level 4. HP: 26/26 MP: 3/7
  2531 | D:3      | Found a blossoming altar of Fedhas.
  2627 | D:3      | Identified the +2 long sword "Tukiel" {spect, rElec Int-2
                  | SInv Stlth+}
  2645 | D:3      | Noticed Ijyb
  2654 | D:3      | Killed Ijyb
  2655 | D:3      | Reached XP level 5. HP: 25/31 MP: 2/8
  2726 | D:3      | Found a runed translucent door.
  2726 | D:3      | Noticed Ralffii009's ghost (amateur DsFE)
  2731 | D:3      | Noticed Grinder
  2750 | D:3      | Killed Grinder
  2751 | D:3      | Reached XP level 6. HP: 30/38 MP: 2/9
  2821 | D:3      | Killed Ralffii009's ghost
  2822 | D:3      | Reached skill level 5 in Fire Magic
  2822 | D:3      | Reached XP level 7. HP: 40/43 MP: 10/10
  2836 | D:3      | Learned a level 2 spell: Scorch
  3462 | D:4      | Noticed Edmund
  3475 | D:4      | Killed Edmund
  3476 | D:4      | Reached skill level 5 in Conjurations
  3571 | D:4      | Noticed Blork the orc
  3578 | D:4      | Killed Blork the orc
  3745 | D:4      | Reached skill level 5 in Fighting
  3751 | D:4      | Noticed Menkaure
  3756 | D:4      | Killed Menkaure
  3757 | D:4      | Reached XP level 8. HP: 39/49 MP: 0/11
  3961 | D:4      | Found a staircase to the Ecumenical Temple.
  4002 | Temple   | Entered the Ecumenical Temple
  4059 | Temple   | Became a worshipper of Vehumet
  4421 | D:5      | Entered Level 5 of the Dungeon
  4959 | D:5      | Reached * piety under Vehumet
  4959 | D:5      | Offered knowledge of Kiss of Death by Vehumet.
  6215 | D:6      | Reached XP level 9. HP: 56/56 MP: 12/12
  6519 | D:6      | Reached ** piety under Vehumet
  6519 | D:6      | Offered knowledge of Shock by Vehumet.
  6520 | D:6      | Reached skill level 1 in Long Blades
  6966 | D:7      | Got the Incunabulum of the Red-Hot Shift
  7146 | D:7      | Noticed a hornet
  7147 | D:7      | Found a transporter.
  7152 | D:7      | Noticed vrbfk's ghost (novice MiFi)
  7204 | D:7      | Reached skill level 1 in Armour
  7225 | D:7      | Noticed a purple ugly thing
  7280 | D:7      | Found a transporter.
  7757 | D:8      | Learned a level 4 spell: Flame Wave
  8124 | D:8      | Reached XP level 10. HP: 58/64 MP: 9/13
  8397 | D:8      | Offered knowledge of Momentum Strike by Vehumet.
  8749 | D:9      | Reached *** piety under Vehumet
  8986 | D:9      | Found a bloodstained altar of Trog.
  9029 | D:9      | HP: 2/65 [wyvern (5)]
  9030 | D:9      | Mangled by a wyvern

Illustrated notes

Levels and vault maps discovered:
D:1:      evilmike_arrival_plus, layout_rooms, chequers_big_river,
          minmay_misc_feat_secret_circle, minmay_misc_feat_tower,
          minmay_octomino_e4
D:2:      layout_rooms, ebering_dispersal_statue_hall
D:3:      layout_basic, old_standard_altar, gammafunk_ghost_grave, uniq_grinder,
          uniq_ijyb
D:4:      layout_cave_pools, temple_doors_ab, due_unseen_surprise,
          uniq_menkaure, uniq_blork_the_orc, uniq_edmund
D:5:      lemuel_ratsnest, layout_basic
D:6:      layout_gridville
D:7:      layout_basic, gammafunk_ghost_arena
D:8:      layout_loops_ring
D:9:      layout_gridville, mainiacjoe_overflow_tiny_flanked,
          grunt_lair_entry_orc_guard_hut, serial_shops, shop
Temple:   hellmonk_temple_of_storms

Skill      XL: |  1  2  3  4  5  6  7  8  9 10 |
---------------+-------------------------------+-----
Fighting       | 1 2 4 5 6 8 |  8.5
Conjurations   | 2 3 4 5 7 8 |  8.7
Fire Magic     | 4 5 7 8 |  8.4
Long Blades    | 2 3 |  3.5
Armour         | 2 3 |  3.7
Dodging        | 2 3 |  3.4
Stealth        | |  2.1
Spellcasting   | |  2.0

Action                     |  1- 3 |  4- 6 |  7- 9 | 10-12 || total
---------------------------+-------+-------+-------+-------++-------
  Melee: Mace              |    14 |       |       |       ||    14
         Staff             |    35 |     9 |       |       ||    44
         Long sword        |       |    22 |   158 |    49 ||   229
         Punch             |       |     1 |     3 |       ||     4
   Cast: Foxfire           |    77 |    69 |   171 |    12 ||   329
         Scorch            |       |       |     4 |     5 ||     9
         Flame Wave        |       |       |       |     3 ||     3
    Use: Scroll            |       |       |     8 |       ||     8
         Potion            |       |       |       |     1 ||     1
   Stab: Sleeping          |       |     2 |     7 |       ||     9
         Distracted        |       |       |     1 |     1 ||     2
 Armour: Robe              |    28 |     8 |    53 |       ||    89
         Steam dragon scal |       |       |    21 |    44 ||    65
  Dodge: Dodged            |    34 |    18 |   154 |    65 ||   271

Table legend: (Time is in decaauts)
 A = Elapsed time spent in this place.
 B = Non-inter-level travel time spent in this place.
 C = Inter-level travel time spent in this place.
 D = Time resting spent in this place.
 E = Time spent auto-exploring this place.
 F = Levels seen in this place.
 G = Mean time per level.
                   A        B        C        D        E       F      G
               +--------+--------+--------+--------+--------+-----+--------+
         Total |   9126 |   8827 |    299 |    131 |   7170 |  10 |  912.6 |
       Dungeon |   9055 |   8768 |    287 |    131 |   7152 |   9 | 1006.1 |
        Temple |     70 |     58 |     12 |      0 |     18 |   1 |   70.0 |
               +--------+--------+--------+--------+--------+-----+--------+

Top non-repeatable levels by time:
     D:1: 1472 daAuts
     D:5: 1244 daAuts
     D:3: 1188 daAuts
     D:6: 1171 daAuts
     D:8: 1016 daAuts
     D:4: 960 daAuts
     D:7: 946 daAuts
     D:2: 763 daAuts
     D:9: 293 daAuts
  Temple: 70 daAuts
